MarvinPA, lawful female human Priestess ------- ----.--..|. --.|......)... |.<*.......... --.......[..... |*............ --.....-...... |-.......... --..%........ --............ --..).......... |.....(........ --...a..-...... .....@........ --)..--- -.... |...-- ....- --..| --..| ---- ---- MarvinPA the Adept Experience level: 7 Strength: 12 Dexterity: 12 Constitution: 15 Intelligence: 12 Wisdom: 18 Charisma: 9 Health: 0(47) Energy: 79(84) Def: 8 Gold: 422 Moves: 4390 Dungeon seed: _GAmrdtnjNtCH_Q6 Game ID: MarvinPA_1443146556 Your Inventory: Coins $ - 422 gold pieces Weapons a - a blessed +1 mace (weapon in hand) x - a blessed +0 crossbow C - 15 +0 crossbow bolts (in quiver) H - 9 +0 darts J - a poisoned +2 dart Armor e - a +0 robe (being worn) n - a +0 small shield (being worn) q - a +0 pair of leather gloves (being worn) y - a +0 mummy wrapping z - a +0 dwarvish iron helm (being worn) Y - a +0 pair of iron shoes (being worn) Comestibles c - a clove of garlic d - a sprig of wolfsbane Scrolls m - a cursed scroll of fire o - a scroll of earth v - a scroll of identify B - a scroll of create monster Spellbooks f - a spellbook of healing g - a blessed spellbook of cure sickness k - a spellbook of stone to flesh Potions b - 4 potions of holy water p - a potion of blindness u - a blessed potion of extra healing A - a blessed potion of polymorph I - a potion of acid M - a potion of object detection Rings s - a cursed -1 ring of adornment F - a ring of warning P - a ring of levitation Wands K - a wand of slow monster (0:4) Tools j - a brass lantern (0:1487) L - a skeleton key Q - a magic marker (0:36) Spells and supernatural/magical abilities: Name Level Category Fail Memory h - healing 1 healing 0% 79% K - cure sickness 3 healing 73% 79% T - turn undead 6 clerical 100% 100% W - pray for help -- divine ? -- X - turn undead -- divine ? -- Your skills at the end: Fighting Skills Weapon Skills mace [Expert] Spellcasting Skills clerical spells [Basic] Final Attributes: You were piously aligned. You are dead. Vanquished creatures: 2 small mimics 2 gnome kings a gnome mummy a snake a bugbear a wood nymph a pony a fog cloud a shrieker 4 gnome lords 4 gnomish wizards a red naga hatchling a little dog a floating eye 2 kittens a dwarf a homunculus 2 kobold shamans 3 rabid rats an orc zombie an iguana 7 killer bees a coyote a gas spore a hobbit 3 manes a large kobold a hobgoblin a cave spider a brown mold a yellow mold a red mold 32 gnomes 2 gnome zombies a gecko 3 jackals 3 goblins 3 sewer rats 9 grid bugs 3 lichens 4 newts 112 creatures vanquished. Voluntary challenges: You had been an atheist until turn 3170. You used a wielded weapon 185 times, starting on turn 62. You read items or engraved 256 times, starting on turn 456. You never genocided any monsters. You never polymorphed an object. You never changed form. You used no wishes. You never split a pudding. You wrote Elbereth's name 187 times, starting on turn 456. You never violated your personal moral code. You disabled loading bones files. Dungeon overview: The Dungeons of Doom: levels 1 to 4 Level 1 an altar to Anhur a long staircase Level 2 a fountain Level 3 a general store, a sink Level 4 a fountain stairs to The Gnomish Mines The Gnomish Mines: levels 5 to 9 Level 5 stairs to The Dungeons of Doom Level 6 Level 7 Level 8 many shops, a temple to Thoth, some fountains Level 9 <- You were here History has recorded: On T:1 you entered the Dungeons of Doom to retrieve the Amulet of Yendor! On T:364 you reached level 2 of The Dungeons of Doom. On T:457 you advanced to experience level 2. On T:732 you reached level 3 of The Dungeons of Doom. On T:901 you advanced to experience level 3. On T:1029 you advanced to experience level 4. On T:1264 you reached level 4 of The Dungeons of Doom. On T:1646 you reached level 1 of The Gnomish Mines. On T:1824 you advanced to experience level 5. On T:2244 you reached level 2 of The Gnomish Mines. On T:2589 you advanced to experience level 6. On T:3157 you reached level 3 of The Gnomish Mines. On T:3277 you advanced to experience level 7. On T:3487 you reached level 4 of The Gnomish Mines. On T:4105 you reached level 5 of The Gnomish Mines. Score breakdown: Gold: 422 ( 8933 points) Experience: 7 levels (13645 points) Exploration: 9 levels ( 17.65%) (12000 points) Discoveries: 6 items ( 2.02%) ( 4264 points) Valuables value: (no points given unless you survive) Artifact value: 0 ( 0 points) Variety of kills: 41 monsters ( 10.76%) ( 9841 points) Turncount: 4390 turns (-1162 points) Survival: died (score multiplied by 80%) Total score: 38016 Latest messages: You feel better. The soldier ant bites! The soldier ant stings! The soldier ant bites! The soldier ant stings! You die... Final status: Goodbye MarvinPA the Priestess, killed by a soldier ant... You died in The Gnomish Mines on dungeon level 9 with 38016 points, and 422 pieces of gold, after 4390 moves. You were level 7 with a maximum of 47 hit points when you died.